 Dungeon Crawl Stone Soup version 0.28.0-53-g5a82cb258f (webtiles) character file.

Game seed: 3156802884632485271

247 jjjjhere the Skirmisher (level 5, -1/52 HPs)
             Began as a Minotaur Enchanter on Nov 2, 2022.
             Was an Initiate of Ashenzari.
             Slain by a worm (3 damage)
             ... on level 4 of the Dungeon.
             The game lasted 00:07:21 (4538 turns).

jjjjhere the Skirmisher (Minotaur Enchanter)        Turns: 4538, Time: 00:07:21

Health: -1/52      AC:  5    Str: 14    XL:     5   Next: 85%
Magic:  6/6        EV: 10    Int: 12    God:    Ashenzari [......]
Gold:   249        SH:  0    Dex:  9    Spells: 6/6 levels left

rFire   . . .      SeeInvis .   a - +1 dagger
rCold   . . .      Faith    .   (no shield)
rNeg    . . .      Spirit   .   f - +0 ring mail
rPois   .          Reflect  .   (helmet restricted)
rElec   .          Harm     .   (no cloak)
rCorr   .          Rampage  .   (no gloves)
Will    .....                   (no boots)
Stlth   +.........              (no amulet)
HPRegen 0.17/turn               (no ring)
MPRegen 0.10/turn               (no ring)

@: lethally poisoned (-1 -> -15)
A: horns 2, retaliatory headbutt, clumsy 1, deterioration 1
a: Renounce Religion, Curse Item


You were on level 4 of the Dungeon.
You worshipped Ashenzari.
Ashenzari was noncommittal.
You visited 1 branch of the dungeon, and saw 7 of its levels.
You also visited: Sewer.

You collected 249 gold pieces.

Inventory:

Hand Weapons
 a - a +1 dagger (weapon)
 g - a +0 whip
 p - a +0 trident
Armour
 b - a +0 robe
 f - a +0 ring mail (worn)
Jewellery
 c - a ring of resist corrosion
Scrolls
 i - a scroll of noise
Potions
 h - a potion of brilliance


   Skills:
 - Level 7.0 Fighting
 - Level 1.1 Short Blades
 + Level 0.0 Maces & Flails
 - Level 2.1 Dodging
 - Level 2.4 Stealth
 - Level 1.3 Spellcasting
 - Level 2.0 Hexes


You had 6 spell levels left.
You didn't know any spells.
Your spell library contained the following spells:

 Spells                   Type           Power      Damage    Failure   Level
 Ensorcelled Hibernation  Hex/Ice        6%         N/A       52%         2
 Confusing Touch          Hex            5%         N/A       61%         3
 Tukima's Dance           Hex            5%         N/A       61%         3
 Corpse Rot               Necr/Air       0%         N/A       65%         2
 Poisonous Vapours        Pois/Air       0%         N/A       65%         2
 Dazzling Flash           Conj/Hex       6%         N/A       75%         3
 Anguish                  Hex/Necr       1%         N/A       98%         4
 Enfeeble                 Hex            2%         N/A       100%        7


Dungeon Overview and Level Annotations

Branches:
Dungeon (7/15)              Sewer (visited)
 Temple: D:4-7

Altars:
Ashenzari

Shops:
D:1 (

Annotations:
D:3 Grinder
D:4 Robin


Innate Abilities, Weirdness & Mutations

You have a pair of horns on your head.
You reflexively headbutt those who attack you in melee.
You are clumsy. (Dex -2)
Your body sometimes deteriorates upon taking damage.


Message History

Found 18 sling bullets.
You feel sick.
Unknown command.
You feel sick.
You feel sick.
You feel yourself slow down.
You feel sick.
You feel sick.
You feel sick.
You feel sick.
You feel sick.
You are no longer poisoned.
You start resting.
A sky beast is nearby!
The sky beast flickers out of sight!
A sky beast appears from thin air!
Reactivating autopickup.
The water moccasin hisses angrily.
Found a stone staircase leading up.
The water moccasin closely misses you.
The sky beast flickers out of sight!
Deactivating autopickup; reactivate with Ctrl-A.
A sky beast appears from thin air!
Reactivating autopickup.
The water moccasin barely misses you. You furiously retaliate!
You headbutt the water moccasin, but do no damage.
The water moccasin closely misses you. The water moccasin closely misses you.
There is a stone staircase leading up here.
The water moccasin barely misses you.
You climb upwards.
Level annotation: Robin
There is a stone staircase leading down here.
Unknown command.
The water moccasin bites you!
* * * LOW HITPOINT WARNING * * *
You are lethally poisoned!
The water moccasin poisons you!
* * * LOW HITPOINT WARNING * * *
You feel very sick. The worm bites you.
You die...

#...w.#
##.....#
#......#
##......#
#.......#
#.......#
##......#
#.....##
#.w@..#
##.S.## #..>#
##.## #.##
##.## #..#
##.###########
##............


You could see a water moccasin and a worm.

Vanquished Creatures
  A water moccasin (Sewer)
  Natasha (twice) (D:2)
  2 adders (D:3)
  A worm (D:2)
  An orc (D:3)
  5 ball pythons
  5 bats (D:2)
  6 endoplasms
  4 giant cockroaches
  9 goblins
  7 hobgoblins
  3 jackals (Sewer)
  13 kobolds
  3 quokkas
  4 frilled lizards
  3 rats
69 creatures vanquished.

Notes
Turn   | Place    | Note
-------+----------+-------------------------------------------
     0 | D:1      | jjjjhere the Minotaur Enchanter began the quest for the
                  | Orb.
     0 | D:1      | Reached XP level 1. HP: 14/14 MP: 1/1
    35 | D:1      | Reached skill level 1 in Fighting
   333 | D:1      | Reached skill level 2 in Fighting
   393 | D:1      | Reached XP level 2. HP: 24/24 MP: 3/3
   474 | D:1      | Found Fuurgh's Antique Weapon Boutique.
   710 | D:1      | HP: 5/25 [kobold/+2 antimagic dagger (6)]
   712 | D:1      | Reached skill level 3 in Fighting
  1168 | D:2      | Reached XP level 3. HP: 27/31 MP: 4/4
  1397 | D:2      | Found a faded altar of an unknown god.
  1422 | D:2      | Noticed Natasha
  1447 | D:2      | Prayed at the altar of an unknown god.
  1447 | D:2      | Became a worshipper of Ashenzari the Shackled
  2034 | D:2      | Reached skill level 4 in Fighting
  2145 | D:2      | Killed Natasha
  2146 | D:2      | Reached XP level 4. HP: 40/41 MP: 5/5
  2417 | D:2      | Noticed Natasha
  2422 | D:2      | Killed Natasha
  2423 | D:2      | Reached skill level 5 in Fighting
  2660 | D:3      | Noticed Grinder
  2934 | D:3      | Found a glowing drain.
  2945 | Sewer    | Entered a sewer
  3009 | Sewer    | Noticed a water moccasin
  3042 | Sewer    | HP: 9/42 [water moccasin (5)]
  3042 | Sewer    | HP: 4/42 [water moccasin (5)]
  3043 | Sewer    | HP: 1/42 [poisoned by a water moccasin]
  3048 | Sewer    | HP: 6/42 [poisoned by a water moccasin]
  3053 | Sewer    | HP: 8/42 [water moccasin (7)]
  3063 | Sewer    | Killed a water moccasin
  3064 | Sewer    | Reached skill level 6 in Fighting
  3064 | Sewer    | Reached XP level 5. HP: 21/51 MP: 6/6
  3070 | Sewer    | HP: 16/51 [poisoned by a water moccasin]
  3799 | D:3      | Paralysed by Grinder for 6 turns
  3803 | D:3      | HP: 11/51 [Grinder (6)]
  3804 | D:3      | HP: 5/51 [Grinder (6)]
  3804 | D:3      | HP: 1/51 [Grinder (4)]
  3807 | D:3      | Gained mutation: You are clumsy. (Dex -2) [potion of
                  | mutation]
  3807 | D:3      | Gained mutation: Your body sometimes deteriorates upon
                  | taking damage. [potion of mutation]
  3810 | D:3      | HP: 12/51 [Grinder (6)]
  3826 | D:3      | Paralysed by Grinder for 3 turns
  3934 | D:4      | Noticed Robin
  4193 | D:3      | Reached skill level 7 in Fighting
  4285 | D:4      | You fall into a shaft and drop 2 floors!
  4285 | D:6      | Noticed an ogre
  4409 | D:7      | Noticed a wyvern
  4409 | D:7      | Noticed a water moccasin
  4436 | D:5      | Entered Level 5 of the Dungeon
  4456 | D:5      | Noticed a sky beast
  4464 | D:5      | HP: 15/52 [poisoned by a water moccasin]
  4469 | D:5      | HP: 8/52 [poisoned by a water moccasin]
  4474 | D:5      | HP: 4/52 [poisoned by a water moccasin]
  4537 | D:4      | HP: 6/52 [water moccasin (8)]
  4538 | D:4      | HP: 2/52 [poisoned by a water moccasin]
  4538 | D:4      | Slain by a worm

Illustrated notes

Levels and vault maps discovered:
D:1:      shiori_arrival_maze, layout_basic, serial_shops, shop
D:2:      kennysheep_six_static_rooms, layout_loops_ring,
          basic_ecumenical_altar, uniq_natasha
D:3:      layout_basic, portal_sewer_entry_b, uniq_grinder
D:4:      layout_cave_pods, minitemple, hellmonk_ghost_happy_afterlife,
          uniq_robin
D:5:      cheibrodos_iron_armory, layout_loops_cross,
          minmay_temple_entry_proselytizer, minmay_liquid_box
D:6:      cheibrodos_barr_body, layout_cave_pools
D:7:      layout_basic, enter_bailey_3, grunt_ministairs_14,
          uniq_crazy_yiuf_cottage

Skill      XL: |  1  2  3  4  5 |
---------------+----------------+-----
Fighting       | 2 3 4 6 7 |  7.0
Short Blades   | |  1.1
Dodging        | |  2.1
Stealth        | |  2.4
Spellcasting   | |  1.3
Hexes          | |  2.0

Action                   |  1- 3 |  4- 6 || total
-------------------------+-------+-------++-------
Melee: Dagger            |    22 |    35 ||    57
       Headbutt          |    15 |     8 ||    23
       Whip              |    91 |    54 ||   145
       Punch             |       |     1 ||     1
  Use: Potion            |       |    10 ||    10
       Scroll            |       |     8 ||     8
 Stab: Sleeping          |     5 |     3 ||     8
       Invisible         |       |     1 ||     1
Armor: Robe              |    24 |    10 ||    34
       Ring mail         |       |     4 ||     4
Dodge: Dodged            |    77 |    51 ||   128
